3012 views
Uploaded 2020-03-06 19:52:21
Game version 1.32.2
24:04 long 4on4 ladder game on (8)Sanctuary_LV
Saved by BEARAND
3012 views
Uploaded 2020-03-06 19:52:21
Game version 1.32.2
24:04 long 4on4 ladder game on (8)Sanctuary_LV


161 units @ 22.6k
/ 3.1k
85 buildings @ 12.8k
/ 6.1k
BruisedLung
(5)
(24:04) : 


| Peasant | 22 | 1650 | / | 0 |
| Footman | 4 | 540 | / | 0 |
| Dragonhawk Rider | 17 | 3400 | / | 510 |
| Sorceress | 3 | 465 | / | 60 |
| Flying Machine | 4 | 400 | / | 120 |
| Mortar Team | 1 | 180 | / | 70 |
| total: | 51 | 6635g | / | 760w |
| Scout Tower | 3 | 90 | / | 60 |
| Altar of Kings | 1 | 180 | / | 50 |
| Farm | 15 | 1200 | / | 300 |
| Barracks | 1 | 160 | / | 60 |
| Blacksmith | 1 | 140 | / | 60 |
| Town Hall | 1 | 385 | / | 205 |
| Lumber Mill | 1 | 120 | / | 0 |
| Arcane Vault | 2 | 260 | / | 60 |
| Gryphon Aviary | 2 | 280 | / | 300 |
| Arcane Sanctum | 2 | 300 | / | 280 |
| Workshop | 1 | 140 | / | 140 |
| Keep | 1 | 320 | / | 210 |
| Castle | 1 | 360 | / | 210 |
| total: | 30 | 3255g | / | 1515w |
| 0:01 | Peasant |
| 0:02 | Peasant |
| 0:08 | Altar of Kings |
| 0:20 | Farm |
| 0:28 | Barracks |
| 0:31 | Peasant |
| 0:36 | Peasant |
| 0:52 | Peasant |
| 0:58 | Farm |
| 1:05 | Peasant |
| 1:29 | Footman |
| 1:31 | Farm |
| 1:36 | Peasant |
| 1:47 | Footman |
| 1:51 | Peasant |
| 2:06 | Footman |
| 2:12 | Peasant |
| 2:13 | Summon Water Elemental |
| 2:47 | Footman |
| 2:48 | Peasant |
| 2:54 | Peasant |
| 2:56 | Farm |
| 3:41 | Peasant |
| 3:57 | Peasant |
| 4:30 | Peasant |
| 4:32 | Blacksmith |
| 4:37 | Brilliance Aura |
| 4:49 | Town Hall |
| 4:56 | Keep |
| 5:39 | Lumber Mill |
| 5:59 | Defend |
| 6:31 | Peasant |
| 7:17 | Improved Lumber Harvesting |
| 7:22 | Gryphon Aviary |
| 7:27 | Arcane Sanctum |
| 8:19 | Siphon Mana |
| 8:27 | Peasant |
| 8:39 | Peasant |
| 8:42 | Farm |
| 8:45 | Farm |
| 8:46 | Farm |
| 8:55 | Gryphon Aviary |
| 9:03 | Arcane Vault |
| 9:06 | Arcane Vault |
| 9:07 | Peasant |
| 10:07 | Arcane Sanctum |
| 10:14 | Dragonhawk Rider |
| 10:23 | Blizzard |
| 10:36 | Dragonhawk Rider |
| 10:38 | Sorceress |
| 10:43 | Castle |
| 11:42 | Dragonhawk Rider |
| 11:43 | Iron Forged Swords |
| 11:46 | Sorceress |
| 11:48 | Workshop |
| 11:50 | Flame Strike |
| 11:51 | Farm |
| 11:54 | Farm |
| 11:55 | Farm |
| 12:36 | Peasant |
| 12:36 | Peasant |
| 13:17 | Cloud |
| 13:30 | Flying Machine |
| 13:31 | Flying Machine |
| 13:31 | Flying Machine |
| 14:34 | Dragonhawk Rider |
| 14:34 | Dragonhawk Rider |
| 14:34 | Dragonhawk Rider |
| 14:48 | Holy Light |
| 15:34 | Sorceress |
| 15:56 | Flying Machine |
| 16:00 | Farm |
| 16:00 | Farm |
| 16:01 | Farm |
| 16:55 | Improved Masonry |
| 16:55 | Advanced Lumber Harvesting |
| 17:35 | Dragonhawk Rider |
| 17:36 | Dragonhawk Rider |
| 18:02 | Flame Strike |
| 18:20 | Dragonhawk Rider |
| 18:20 | Dragonhawk Rider |
| 18:20 | Dragonhawk Rider |
| 18:20 | Dragonhawk Rider |
| 18:26 | Devotion Aura |
| 18:44 | Peasant |
| 18:45 | Peasant |
| 19:11 | Dragonhawk Rider |
| 19:11 | Dragonhawk Rider |
| 19:11 | Dragonhawk Rider |
| 19:17 | Mortar Team |
| 19:24 | Blizzard |
| 19:58 | Farm |
| 20:00 | Farm |
| 20:25 | Dragonhawk Rider |
| 20:25 | Dragonhawk Rider |
| 20:35 | Sorceress Adept Training |
| 21:24 | Flying Machine Bombs |
| 21:51 | Scout Tower |
| 21:51 | Scout Tower |
| 21:51 | Scout Tower |
| 22:44 | Steel Forged Swords |
| 23:46 | Holy Light |
| 23:54 | Banish |
| Right click | 1828 |
| Select group | 1442 |
| Select | 559 |
| Use ability | 116 |
| Build/train/purchase | 106 |
| Assign group | 102 |
| Misc. action | 69 |
| Minimap ping | 6 |
| Resource trade | 4 |
| Esc | 1 |


| Staff of Preservation | 1 | 150 |
| Lesser Clarity Potion | 4 | 280 |
| Potion of Mana | 4 | 800 |
| Potion of Healing | 4 | 600 |
| Orb of Venom | 3 | 975 |
| total: | 16 | 2805g |
| Wisp | 22 | 1320 | / | 0 |
| Archer | 26 | 3380 | / | 260 |
| Druid of the Talon | 10 | 1450 | / | 200 |
| Hippogryph | 10 | 1600 | / | 200 |
| Faerie Dragon | 1 | 155 | / | 25 |
| Glaive Thrower | 2 | 420 | / | 130 |
| Goblin Shredder | 1 | 375 | / | 100 |
| total: | 72 | 8700g | / | 915w |
| Altar of Elders | 1 | 180 | / | 50 |
| Moon Well | 7 | 1260 | / | 280 |
| Ancient of War | 5 | 750 | / | 300 |
| Hunter's Hall | 1 | 210 | / | 100 |
| Tree of Life | 3 | 1020 | / | 555 |
| Ancient of Wonders | 1 | 90 | / | 30 |
| Ancient of Wind | 2 | 300 | / | 280 |
| Tree of Ages | 1 | 320 | / | 180 |
| Tree of Eternity | 1 | 330 | / | 200 |
| total: | 20 | 3810g | / | 1595w |
| 0:03 | Wisp |
| 0:06 | Altar of Elders |
| 0:08 | Wisp |
| 0:19 | Moon Well |
| 0:34 | Ancient of War |
| 0:37 | Wisp |
| 0:38 | Wisp |
| 0:46 | Wisp |
| 1:13 | Ancient of War |
| 1:15 | Wisp |
| 1:22 | Wisp |
| 1:36 | Moon Well |
| 1:42 | Wisp |
| 2:06 | Entangling Roots |
| 2:33 | Archer |
| 2:33 | Archer |
| 2:34 | Wisp |
| 2:54 | Wisp |
| 3:08 | Archer |
| 3:18 | Tree of Ages |
| 3:24 | Hunter's Hall |
| 3:29 | Archer |
| 3:48 | Moon Well |
| 4:00 | Archer |
| 4:25 | Archer |
| 4:47 | Force of Nature |
| 4:57 | Tree of Life |
| 5:41 | Ancient of Wind |
| 5:42 | Wisp |
| 6:01 | Goblin Shredder |
| 6:16 | Force of Nature |
| 6:54 | Archer |
| 6:55 | Archer |
| 7:06 | Healing Spray |
| 7:45 | Archer |
| 7:45 | Improved Bows |
| 7:59 | Strength of the Moon |
| 8:12 | Druid of the Talon |
| 8:16 | Tree of Eternity |
| 8:19 | Ancient of Wonders |
| 8:40 | Hippogryph |
| 8:40 | Druid of the Talon |
| 9:11 | Entangling Roots |
| 9:24 | Staff of Preservation |
| 9:25 | Lesser Clarity Potion |
| 9:35 | Archer |
| 9:36 | Hippogryph |
| 9:48 | Archer |
| 9:48 | Hippogryph |
| 10:07 | Archer |
| 10:07 | Hippogryph |
| 10:24 | Archer |
| 10:28 | Hippogryph |
| 10:28 | Druid of the Talon |
| 10:50 | Wisp |
| 10:51 | Wisp |
| 10:55 | Lesser Clarity Potion |
| 10:57 | Potion of Mana |
| 10:58 | Archer |
| 11:01 | Improved Strength of the Moon |
| 11:15 | Potion of Healing |
| 11:15 | Orb of Venom |
| 11:21 | Archer |
| 11:22 | Hippogryph |
| 11:24 | Moon Well |
| 11:25 | Moon Well |
| 12:15 | Archer |
| 12:16 | Druid of the Talon |
| 12:16 | Druid of the Talon |
| 12:37 | Wisp |
| 13:01 | Archer |
| 13:02 | Druid of the Talon |
| 13:18 | Tree of Life |
| 13:19 | Archer |
| 13:20 | Marksmanship |
| 13:20 | Hippogryph |
| 13:23 | Ancient of War |
| 13:24 | Ancient of War |
| 13:32 | Acid Bomb |
| 13:55 | Archer |
| 13:56 | Hippogryph |
| 13:57 | Druid of the Talon |
| 14:26 | Archer |
| 14:26 | Hippogryph |
| 14:37 | Archer |
| 14:39 | Archer |
| 14:47 | Potion of Mana |
| 14:48 | Potion of Healing |
| 14:51 | Potion of Healing |
| 14:51 | Orb of Venom |
| 15:03 | Archer |
| 15:04 | Hippogryph |
| 15:04 | Druid of the Talon |
| 15:39 | Wisp |
| 16:14 | Tree of Life |
| 16:41 | Entangling Roots |
| 16:57 | Advanced Strength of the Moon |
| 17:14 | Vorpal Blades |
| 17:36 | Lesser Clarity Potion |
| 17:52 | Faerie Dragon |
| 18:11 | Glaive Thrower |
| 18:16 | Wisp |
| 18:36 | Wisp |
| 18:36 | Wisp |
| 18:36 | Wisp |
| 18:37 | Wisp |
| 18:37 | Wisp |
| 18:38 | Moon Well |
| 18:39 | Moon Well |
| 19:12 | Lesser Clarity Potion |
| 19:15 | Potion of Mana |
| 19:16 | Potion of Mana |
| 19:23 | Archer |
| 20:18 | Healing Spray |
| 20:30 | Glaive Thrower |
| 20:36 | Ancient of War |
| 21:06 | Potion of Healing |
| 21:06 | Orb of Venom |
| 21:15 | Archer |
| 21:21 | Druid of the Talon |
| 21:21 | Druid of the Talon |
| 22:21 | Well Spring |
| 22:45 | Archer |
| 23:12 | Druid of the Talon Adept Training |
| 23:16 | Wisp |
| 23:19 | Strength of the Wild |
| 23:52 | Ancient of Wind |
| 24:00 | Tranquility |
| Right click | 1142 |
| Select | 587 |
| Select group | 556 |
| Build/train/purchase | 133 |
| Assign group | 96 |
| Use ability | 90 |
| Misc. action | 30 |
| Item give/drop | 10 |
| Esc | 8 |
| Chat | 4 |
| Minimap ping | 3 |


| Wisp | 10 | 600 | / | 0 |
| Archer | 5 | 650 | / | 50 |
| Chimaera | 5 | 1650 | / | 350 |
| total: | 20 | 2900g | / | 400w |
| Moon Well | 8 | 1440 | / | 320 |
| Altar of Elders | 1 | 180 | / | 50 |
| Ancient of War | 1 | 150 | / | 60 |
| Hunter's Hall | 1 | 210 | / | 100 |
| Chimaera Roost | 6 | 840 | / | 1140 |
| Tree of Ages | 1 | 320 | / | 180 |
| Tree of Eternity | 1 | 330 | / | 200 |
| total: | 17 | 2820g | / | 1670w |
| 0:06 | Wisp |
| 0:06 | Wisp |
| 0:07 | Wisp |
| 0:30 | Wisp |
| 0:30 | Wisp |
| 0:58 | Moon Well |
| 1:17 | Tree of Ages |
| 1:20 | Altar of Elders |
| 1:45 | Ancient of War |
| 2:56 | Archer |
| 2:56 | Archer |
| 3:03 | Moon Well |
| 3:23 | Entangling Roots |
| 3:39 | Archer |
| 3:59 | Wisp |
| 3:59 | Wisp |
| 3:59 | Wisp |
| 4:01 | Archer |
| 4:02 | Archer |
| 4:26 | Summon Lava Spawn |
| 4:43 | Moon Well |
| 5:07 | Tree of Eternity |
| 5:59 | Moon Well |
| 7:19 | Moon Well |
| 7:58 | Force of Nature |
| 8:07 | Chimaera Roost |
| 8:08 | Chimaera Roost |
| 8:09 | Chimaera Roost |
| 8:25 | Moon Well |
| 8:27 | Wisp |
| 8:27 | Wisp |
| 8:51 | Hunter's Hall |
| 9:15 | Moon Well |
| 9:48 | Chimaera |
| 9:55 | Strength of the Wild |
| 10:20 | Soul Burn |
| 10:37 | Moon Well |
| 10:39 | Chimaera |
| 11:35 | Chimaera |
| 11:37 | Improved Strength of the Wild |
| 12:06 | Corrosive Breath |
| 12:25 | Reinforced Hides |
| 12:32 | Force of Nature |
| 13:16 | Chimaera |
| 13:53 | Summon Lava Spawn |
| 14:38 | Advanced Strength of the Wild |
| 14:39 | Improved Reinforced Hides |
| 14:46 | Chimaera |
| 17:50 | Entangling Roots |
| 19:49 | Soul Burn |
| 21:44 | Advanced Reinforced Hides |
| 23:05 | Chimaera Roost |
| 23:06 | Chimaera Roost |
| 23:08 | Chimaera Roost |
| 23:23 | Force of Nature |
| Right click | 569 |
| Select group | 456 |
| Select | 278 |
| Build/train/purchase | 63 |
| Use ability | 33 |
| Assign group | 23 |
| Resource trade | 4 |
| Minimap ping | 1 |



| Rod of Necromancy | 1 | 150 |
| Potion of Healing | 1 | 150 |
| Orb of Corruption | 1 | 375 |
| Scroll of Healing | 1 | 250 |
| Scroll of Town Portal | 1 | 350 |
| total: | 5 | 1275g |
| Acolyte | 3 | 225 | / | 0 |
| Ghoul | 3 | 360 | / | 0 |
| Crypt Fiend | 5 | 1075 | / | 200 |
| Frost Wyrm | 6 | 2310 | / | 720 |
| Goblin Shredder | 1 | 375 | / | 100 |
| total: | 18 | 4345g | / | 1020w |
| Graveyard | 1 | 215 | / | 0 |
| Crypt | 1 | 200 | / | 50 |
| Altar of Darkness | 1 | 180 | / | 50 |
| Ziggurat | 9 | 1350 | / | 450 |
| Tomb of Relics | 1 | 130 | / | 30 |
| Necropolis | 1 | 225 | / | 0 |
| Sacrificial Pit | 1 | 75 | / | 150 |
| Boneyard | 3 | 525 | / | 600 |
| Halls of the Dead | 1 | 320 | / | 210 |
| Black Citadel | 1 | 325 | / | 230 |
| total: | 18 | 2900g | / | 1330w |
| 0:04 | Acolyte |
| 0:04 | Acolyte |
| 0:09 | Graveyard |
| 0:17 | Crypt |
| 0:42 | Altar of Darkness |
| 0:57 | Ziggurat |
| 1:10 | Tomb of Relics |
| 1:25 | Ghoul |
| 1:41 | Ghoul |
| 1:49 | Ziggurat |
| 1:51 | Ghoul |
| 2:12 | Crypt Fiend |
| 2:35 | Crypt Fiend |
| 2:50 | Rod of Necromancy |
| 3:00 | Death Coil |
| 3:15 | Crypt Fiend |
| 3:40 | Halls of the Dead |
| 4:12 | Ziggurat |
| 4:13 | Creature Attack |
| 4:53 | Crypt Fiend |
| 4:53 | Crypt Fiend |
| 5:17 | Creature Carapace |
| 5:37 | Unholy Aura |
| 6:19 | Black Citadel |
| 7:05 | Sacrificial Pit |
| 7:23 | Ziggurat |
| 7:52 | Frost Nova |
| 8:33 | Ziggurat |
| 8:45 | Boneyard |
| 8:50 | Goblin Shredder |
| 10:37 | Frost Wyrm |
| 10:37 | Frost Wyrm |
| 10:48 | Scroll of Healing |
| 10:56 | Scroll of Town Portal |
| 10:56 | Potion of Healing |
| 11:04 | Boneyard |
| 11:11 | Dark Ritual |
| 11:12 | Impale |
| 11:19 | Boneyard |
| 12:01 | Acolyte |
| 12:19 | Orb of Corruption |
| 12:21 | Freezing Breath |
| 13:30 | Frost Wyrm |
| 14:55 | Death Coil |
| 15:11 | Frost Wyrm |
| 15:58 | Necropolis |
| 18:01 | Frost Nova |
| 19:01 | Spiked Carapace |
| 19:05 | Frost Wyrm |
| 19:07 | Improved Creature Carapace |
| 19:07 | Improved Creature Attack |
| 19:36 | Impale |
| 19:44 | Unholy Aura |
| 21:14 | Advanced Creature Carapace |
| 21:21 | Ziggurat |
| 21:24 | Ziggurat |
| 21:25 | Ziggurat |
| 21:26 | Ziggurat |
| 22:23 | Frost Wyrm |
| Right click | 438 |
| Select group | 287 |
| Select | 171 |
| Misc. action | 145 |
| Build/train/purchase | 53 |
| Chat | 53 |
| Use ability | 40 |
| Assign group | 34 |
| Minimap ping | 25 |
| Resource trade | 9 |
| Item give/drop | 1 |
| Remove unit | 1 |
137 units @ 13.8k
/ 0.8k
368 buildings @ 23.2k
/ 11k



| Scroll of Regeneration | 2 | 200 |
| Lesser Clarity Potion | 1 | 70 |
| Staff of Sanctuary | 3 | 750 |
| Scroll of Town Portal | 1 | 350 |
| Staff of Teleportation | 2 | 300 |
| Boots of Speed | 3 | 750 |
| Orb of Corruption | 2 | 750 |
| total: | 14 | 3170g |
| Peasant | 16 | 1200 | / | 0 |
| Priest | 1 | 135 | / | 10 |
| Dragonhawk Rider | 14 | 2800 | / | 420 |
| total: | 31 | 4135g | / | 430w |
| Scout Tower | 59 | 1770 | / | 1180 |
| Arcane Tower | 3 | 210 | / | 150 |
| Guard Tower | 47 | 3290 | / | 2350 |
| Altar of Kings | 1 | 180 | / | 50 |
| Farm | 12 | 960 | / | 240 |
| Lumber Mill | 2 | 240 | / | 0 |
| Arcane Vault | 3 | 390 | / | 90 |
| Blacksmith | 1 | 140 | / | 60 |
| Barracks | 1 | 160 | / | 60 |
| Town Hall | 1 | 385 | / | 205 |
| Arcane Sanctum | 1 | 150 | / | 140 |
| Gryphon Aviary | 2 | 280 | / | 300 |
| Keep | 1 | 320 | / | 210 |
| Castle | 1 | 360 | / | 210 |
| total: | 83 | 4655g | / | 2325w |
| 0:01 | Peasant |
| 0:01 | Peasant |
| 0:17 | Altar of Kings |
| 0:19 | Farm |
| 0:20 | Farm |
| 0:29 | Peasant |
| 0:36 | Peasant |
| 0:38 | Scout Tower |
| 0:49 | Peasant |
| 1:06 | Lumber Mill |
| 1:07 | Lumber Mill |
| 1:10 | Peasant |
| 1:18 | Farm |
| 1:28 | Peasant |
| 1:38 | Scout Tower |
| 1:44 | Arcane Tower |
| 1:45 | Peasant |
| 1:54 | Peasant |
| 2:02 | Scout Tower |
| 2:04 | Scout Tower |
| 2:15 | Scout Tower |
| 2:16 | Scout Tower |
| 2:17 | Blizzard |
| 2:18 | Guard Tower |
| 2:27 | Scout Tower |
| 2:33 | Peasant |
| 2:33 | Peasant |
| 2:33 | Peasant |
| 2:42 | Guard Tower |
| 2:45 | Arcane Tower |
| 2:48 | Scout Tower |
| 2:49 | Scout Tower |
| 2:50 | Scout Tower |
| 2:54 | Peasant |
| 2:56 | Peasant |
| 3:28 | Guard Tower |
| 3:29 | Guard Tower |
| 3:30 | Scout Tower |
| 3:52 | Keep |
| 3:53 | Guard Tower |
| 3:59 | Guard Tower |
| 4:05 | Guard Tower |
| 4:07 | Scout Tower |
| 4:07 | Scout Tower |
| 4:26 | Arcane Vault |
| 4:33 | Guard Tower |
| 4:35 | Scout Tower |
| 5:06 | Guard Tower |
| 5:09 | Scout Tower |
| 5:09 | Scout Tower |
| 5:13 | Guard Tower |
| 5:16 | Farm |
| 5:17 | Farm |
| 5:34 | Scout Tower |
| 5:35 | Scout Tower |
| 5:35 | Scout Tower |
| 5:36 | Scroll of Regeneration |
| 5:43 | Guard Tower |
| 5:58 | Scout Tower |
| 5:59 | Scout Tower |
| 6:19 | Brilliance Aura |
| 6:28 | Improved Masonry |
| 6:40 | Guard Tower |
| 6:40 | Guard Tower |
| 7:15 | Staff of Teleportation |
| 7:15 | Boots of Speed |
| 7:20 | Guard Tower |
| 7:20 | Guard Tower |
| 7:22 | Scout Tower |
| 7:24 | Storm Bolt |
| 7:31 | Scroll of Regeneration |
| 7:51 | Guard Tower |
| 7:53 | Scout Tower |
| 7:54 | Scout Tower |
| 7:54 | Scout Tower |
| 8:08 | Arcane Sanctum |
| 8:24 | Advanced Masonry |
| 8:31 | Guard Tower |
| 8:49 | Guard Tower |
| 9:05 | Guard Tower |
| 9:07 | Scout Tower |
| 9:07 | Scout Tower |
| 9:39 | Guard Tower |
| 9:40 | Magic Sentry |
| 9:43 | Scout Tower |
| 9:44 | Scout Tower |
| 9:45 | Scout Tower |
| 9:50 | Guard Tower |
| 9:53 | Scout Tower |
| 9:54 | Scout Tower |
| 9:55 | Scout Tower |
| 10:00 | Arcane Vault |
| 10:05 | Castle |
| 10:44 | Bash |
| 10:56 | Guard Tower |
| 11:10 | Arcane Vault |
| 11:26 | Scout Tower |
| 11:27 | Scout Tower |
| 11:28 | Scout Tower |
| 11:28 | Scout Tower |
| 11:28 | Scout Tower |
| 11:29 | Scout Tower |
| 11:30 | Scout Tower |
| 11:40 | Guard Tower |
| 11:41 | Guard Tower |
| 11:44 | Scout Tower |
| 11:44 | Scout Tower |
| 11:45 | Scout Tower |
| 11:46 | Scout Tower |
| 11:51 | Gryphon Aviary |
| 11:52 | Blacksmith |
| 11:53 | Barracks |
| 11:55 | Priest |
| 12:05 | Lesser Clarity Potion |
| 12:18 | Arcane Tower |
| 12:33 | Guard Tower |
| 13:03 | Scroll of Town Portal |
| 13:07 | Boots of Speed |
| 13:10 | Staff of Sanctuary |
| 13:13 | Orb of Corruption |
| 13:19 | Guard Tower |
| 13:22 | Staff of Sanctuary |
| 13:27 | Dragonhawk Rider |
| 13:32 | Farm |
| 13:35 | Holy Light |
| 13:39 | Guard Tower |
| 14:11 | Blizzard |
| 14:34 | Dragonhawk Rider |
| 14:34 | Dragonhawk Rider |
| 14:34 | Dragonhawk Rider |
| 15:12 | Iron Forged Swords |
| 15:12 | Studded Leather Armor |
| 15:18 | Staff of Teleportation |
| 15:18 | Boots of Speed |
| 15:32 | Scout Tower |
| 15:32 | Scout Tower |
| 15:33 | Scout Tower |
| 15:54 | Staff of Sanctuary |
| 15:58 | Animal War Training |
| 16:01 | Scout Tower |
| 16:02 | Scout Tower |
| 16:03 | Scout Tower |
| 16:03 | Scout Tower |
| 16:04 | Scout Tower |
| 16:11 | Dragonhawk Rider |
| 16:11 | Dragonhawk Rider |
| 16:11 | Dragonhawk Rider |
| 16:14 | Farm |
| 16:14 | Farm |
| 16:22 | Guard Tower |
| 16:25 | Scout Tower |
| 16:25 | Scout Tower |
| 16:26 | Guard Tower |
| 16:35 | Orb of Corruption |
| 16:38 | Guard Tower |
| 16:42 | Guard Tower |
| 16:59 | Guard Tower |
| 17:03 | Guard Tower |
| 17:05 | Guard Tower |
| 17:38 | Dragonhawk Rider |
| 17:38 | Dragonhawk Rider |
| 17:38 | Dragonhawk Rider |
| 17:46 | Guard Tower |
| 18:05 | Dragonhawk Rider |
| 18:24 | Imbued Masonry |
| 18:52 | Dragonhawk Rider |
| 19:00 | Guard Tower |
| 19:03 | Scout Tower |
| 19:06 | Scout Tower |
| 19:06 | Scout Tower |
| 19:30 | Farm |
| 19:34 | Dragonhawk Rider |
| 20:16 | Guard Tower |
| 20:31 | Dragonhawk Rider |
| 20:35 | Peasant |
| 20:35 | Peasant |
| 21:17 | Steel Forged Swords |
| 21:17 | Reinforced Leather Armor |
| 22:25 | Divine Shield |
| 22:49 | Town Hall |
| 22:52 | Scout Tower |
| 22:53 | Scout Tower |
| 23:09 | Gryphon Aviary |
| 23:12 | Farm |
| 23:13 | Farm |
| 23:14 | Farm |
| Right click | 2338 |
| Select | 649 |
| Select group | 485 |
| Build/train/purchase | 191 |
| Use ability | 81 |
| Assign group | 24 |
| Minimap ping | 12 |
| Chat | 8 |
| Item give/drop | 4 |
| Misc. action | 3 |
| Remove unit | 3 |



| Orb of Corruption | 3 | 1125 |
| Staff of Teleportation | 1 | 150 |
| Boots of Speed | 2 | 500 |
| Periapt of Vitality | 1 | 325 |
| Staff of Sanctuary | 1 | 250 |
| total: | 8 | 2350g |
| Acolyte | 12 | 900 | / | 0 |
| Ghoul | 4 | 480 | / | 0 |
| Gargoyle | 6 | 1050 | / | 180 |
| Obsidian Statue | 2 | 400 | / | 70 |
| total: | 24 | 2830g | / | 250w |
| Nerubian Tower | 2 | 200 | / | 40 |
| Spirit Tower | 3 | 435 | / | 120 |
| Altar of Darkness | 3 | 540 | / | 150 |
| Crypt | 1 | 200 | / | 50 |
| Ziggurat | 19 | 2850 | / | 950 |
| Graveyard | 2 | 430 | / | 0 |
| Necropolis | 3 | 675 | / | 0 |
| Tomb of Relics | 2 | 260 | / | 60 |
| Slaughterhouse | 1 | 140 | / | 135 |
| Halls of the Dead | 2 | 640 | / | 420 |
| Black Citadel | 1 | 325 | / | 230 |
| total: | 31 | 5095g | / | 1345w |
| 0:04 | Acolyte |
| 0:08 | Altar of Darkness |
| 0:12 | Crypt |
| 0:15 | Acolyte |
| 0:39 | Ziggurat |
| 1:14 | Ghoul |
| 1:19 | Graveyard |
| 1:28 | Ghoul |
| 1:53 | Ghoul |
| 2:06 | Necropolis |
| 2:13 | Acolyte |
| 2:30 | Death Coil |
| 2:47 | Ziggurat |
| 3:51 | Halls of the Dead |
| 3:57 | Ziggurat |
| 4:08 | Ziggurat |
| 4:18 | Ghoul |
| 5:00 | Unholy Aura |
| 5:16 | Nerubian Tower |
| 5:18 | Spirit Tower |
| 5:25 | Acolyte |
| 5:26 | Acolyte |
| 5:26 | Acolyte |
| 5:26 | Acolyte |
| 5:35 | Nerubian Tower |
| 5:45 | Ziggurat |
| 6:50 | Ziggurat |
| 6:50 | Ziggurat |
| 6:51 | Ziggurat |
| 6:54 | Ziggurat |
| 6:55 | Ziggurat |
| 6:57 | Ziggurat |
| 7:03 | Spirit Tower |
| 7:25 | Frost Nova |
| 7:27 | Black Citadel |
| 8:31 | Tomb of Relics |
| 8:31 | Tomb of Relics |
| 8:36 | Spirit Tower |
| 8:54 | Slaughterhouse |
| 8:58 | Gargoyle |
| 8:58 | Gargoyle |
| 8:58 | Gargoyle |
| 9:51 | Ziggurat |
| 9:57 | Obsidian Statue |
| 9:57 | Obsidian Statue |
| 10:01 | Orb of Corruption |
| 10:03 | Orb of Corruption |
| 10:51 | Frost Armor |
| 10:58 | Death Coil |
| 11:54 | Gargoyle |
| 11:55 | Creature Attack |
| 11:55 | Creature Carapace |
| 12:01 | Staff of Teleportation |
| 12:01 | Boots of Speed |
| 12:15 | Boots of Speed |
| 12:16 | Periapt of Vitality |
| 14:20 | Sleep |
| 14:25 | Gargoyle |
| 14:25 | Gargoyle |
| 14:26 | Stone Form |
| 14:29 | Improved Creature Attack |
| 14:29 | Improved Creature Carapace |
| 14:34 | Orb of Corruption |
| 14:59 | Vampiric Aura |
| 15:18 | Staff of Sanctuary |
| 16:08 | Necropolis |
| 17:31 | Frost Nova |
| 18:38 | Acolyte |
| 18:38 | Acolyte |
| 18:38 | Acolyte |
| 18:38 | Acolyte |
| 19:25 | Altar of Darkness |
| 19:28 | Ziggurat |
| 19:29 | Ziggurat |
| 19:31 | Ziggurat |
| 19:32 | Ziggurat |
| 19:35 | Acolyte |
| 20:01 | Necropolis |
| 20:16 | Unholy Aura |
| 20:30 | Halls of the Dead |
| 20:50 | Graveyard |
| 21:48 | Altar of Darkness |
| 21:49 | Ziggurat |
| 21:51 | Ziggurat |
| 21:56 | Ziggurat |
| Right click | 1809 |
| Select group | 888 |
| Select | 209 |
| Build/train/purchase | 115 |
| Resource trade | 83 |
| Use ability | 71 |
| Minimap ping | 38 |
| Misc. action | 30 |
| Assign group | 14 |
| Esc | 9 |
| Item give/drop | 7 |
| Chat | 4 |
⇛
iggythefisk
(24:01) : 


| Scroll of Regeneration | 4 | 400 |
| Potion of Healing | 5 | 750 |
| Mechanical Critter | 2 | 100 |
| Lesser Clarity Potion | 5 | 350 |
| Staff of Sanctuary | 2 | 500 |
| Potion of Mana | 1 | 200 |
| Boots of Speed | 2 | 500 |
| Staff of Teleportation | 2 | 300 |
| total: | 23 | 3100g |
| Peasant | 38 | 2850 | / | 0 |
| Priest | 1 | 135 | / | 10 |
| Dragonhawk Rider | 1 | 200 | / | 30 |
| total: | 40 | 3185g | / | 40w |
| Scout Tower | 85 | 2550 | / | 1700 |
| Arcane Tower | 3 | 210 | / | 150 |
| Guard Tower | 35 | 2450 | / | 1750 |
| Altar of Kings | 1 | 180 | / | 50 |
| Lumber Mill | 1 | 120 | / | 0 |
| Farm | 7 | 560 | / | 140 |
| Arcane Vault | 2 | 260 | / | 60 |
| Town Hall | 6 | 2310 | / | 1230 |
| Barracks | 1 | 160 | / | 60 |
| Blacksmith | 2 | 280 | / | 120 |
| Arcane Sanctum | 1 | 150 | / | 140 |
| Gryphon Aviary | 2 | 280 | / | 300 |
| Keep | 1 | 320 | / | 210 |
| Castle | 1 | 360 | / | 210 |
| total: | 108 | 6850g | / | 3800w |
| 0:01 | Peasant |
| 0:05 | Altar of Kings |
| 0:06 | Peasant |
| 0:23 | Lumber Mill |
| 0:23 | Peasant |
| 0:29 | Farm |
| 0:33 | Peasant |
| 0:39 | Peasant |
| 0:49 | Farm |
| 0:55 | Peasant |
| 1:10 | Scout Tower |
| 1:11 | Peasant |
| 1:24 | Peasant |
| 1:32 | Peasant |
| 1:37 | Scout Tower |
| 1:45 | Arcane Tower |
| 1:46 | Peasant |
| 1:58 | Scout Tower |
| 2:05 | Blizzard |
| 2:09 | Arcane Tower |
| 2:11 | Peasant |
| 2:14 | Scout Tower |
| 2:17 | Peasant |
| 2:29 | Peasant |
| 2:30 | Guard Tower |
| 2:38 | Scout Tower |
| 2:39 | Peasant |
| 2:55 | Improved Masonry |
| 2:56 | Guard Tower |
| 3:00 | Scout Tower |
| 3:00 | Scout Tower |
| 3:30 | Scout Tower |
| 3:31 | Scout Tower |
| 3:42 | Peasant |
| 3:43 | Peasant |
| 3:44 | Guard Tower |
| 3:54 | Guard Tower |
| 3:58 | Scout Tower |
| 3:58 | Guard Tower |
| 4:05 | Guard Tower |
| 4:06 | Scout Tower |
| 4:24 | Guard Tower |
| 4:26 | Scout Tower |
| 4:42 | Guard Tower |
| 4:55 | Scout Tower |
| 4:57 | Scout Tower |
| 5:00 | Guard Tower |
| 5:02 | Arcane Vault |
| 5:21 | Keep |
| 5:26 | Guard Tower |
| 5:36 | Arcane Vault |
| 5:38 | Scout Tower |
| 5:52 | Brilliance Aura |
| 6:35 | Town Hall |
| 6:49 | Scout Tower |
| 6:50 | Scout Tower |
| 7:04 | Guard Tower |
| 7:08 | Scout Tower |
| 7:50 | Scroll of Regeneration |
| 8:01 | Blizzard |
| 8:04 | Peasant |
| 8:04 | Peasant |
| 8:07 | Scroll of Regeneration |
| 8:08 | Potion of Healing |
| 8:16 | Scout Tower |
| 8:17 | Scout Tower |
| 8:18 | Scout Tower |
| 8:18 | Scout Tower |
| 8:20 | Scout Tower |
| 8:20 | Scout Tower |
| 8:28 | Guard Tower |
| 8:29 | Scout Tower |
| 8:30 | Scout Tower |
| 8:32 | Peasant |
| 8:32 | Peasant |
| 8:32 | Peasant |
| 8:34 | Peasant |
| 8:54 | Boots of Speed |
| 8:54 | Staff of Teleportation |
| 9:03 | Storm Bolt |
| 9:06 | Potion of Healing |
| 9:07 | Mechanical Critter |
| 9:07 | Mechanical Critter |
| 9:15 | Guard Tower |
| 9:17 | Peasant |
| 9:19 | Improved Lumber Harvesting |
| 9:26 | Guard Tower |
| 9:43 | Guard Tower |
| 9:44 | Guard Tower |
| 9:47 | Peasant |
| 9:47 | Peasant |
| 9:48 | Peasant |
| 9:49 | Peasant |
| 9:49 | Peasant |
| 9:49 | Peasant |
| 10:39 | Farm |
| 10:42 | Town Hall |
| 10:53 | Peasant |
| 10:53 | Peasant |
| 10:55 | Castle |
| 10:56 | Advanced Masonry |
| 10:59 | Scout Tower |
| 11:00 | Scout Tower |
| 11:04 | Lesser Clarity Potion |
| 11:21 | Scout Tower |
| 11:21 | Scout Tower |
| 11:22 | Scout Tower |
| 11:23 | Scout Tower |
| 11:23 | Scout Tower |
| 11:24 | Scout Tower |
| 11:36 | Arcane Tower |
| 11:50 | Bash |
| 11:58 | Guard Tower |
| 12:01 | Arcane Sanctum |
| 12:21 | Scout Tower |
| 12:22 | Scout Tower |
| 12:23 | Scout Tower |
| 12:57 | Town Hall |
| 13:00 | Potion of Healing |
| 13:01 | Lesser Clarity Potion |
| 13:04 | Guard Tower |
| 13:22 | Guard Tower |
| 13:24 | Scout Tower |
| 13:25 | Scout Tower |
| 13:26 | Scout Tower |
| 13:26 | Scout Tower |
| 13:26 | Scout Tower |
| 13:38 | Guard Tower |
| 14:31 | Town Hall |
| 14:34 | Scout Tower |
| 14:34 | Scout Tower |
| 14:43 | Magic Sentry |
| 14:44 | Priest Adept Training |
| 14:44 | Priest |
| 14:53 | Farm |
| 14:55 | Farm |
| 15:21 | Guard Tower |
| 15:32 | Potion of Healing |
| 15:34 | Scroll of Regeneration |
| 15:35 | Lesser Clarity Potion |
| 15:36 | Staff of Sanctuary |
| 15:40 | Scout Tower |
| 15:41 | Scout Tower |
| 15:48 | Imbued Masonry |
| 15:48 | Advanced Lumber Harvesting |
| 15:50 | Scout Tower |
| 15:50 | Scout Tower |
| 15:51 | Scout Tower |
| 15:51 | Scout Tower |
| 16:06 | Scout Tower |
| 16:20 | Scroll of Regeneration |
| 16:21 | Lesser Clarity Potion |
| 16:33 | Guard Tower |
| 16:35 | Peasant |
| 16:35 | Peasant |
| 16:35 | Peasant |
| 16:39 | Town Hall |
| 17:17 | Scout Tower |
| 17:26 | Scout Tower |
| 17:41 | Staff of Sanctuary |
| 17:52 | Town Hall |
| 17:57 | Scout Tower |
| 18:09 | Guard Tower |
| 18:10 | Holy Light |
| 18:14 | Boots of Speed |
| 18:14 | Staff of Teleportation |
| 18:19 | Gryphon Aviary |
| 18:20 | Barracks |
| 18:21 | Blacksmith |
| 18:25 | Gryphon Aviary |
| 18:26 | Guard Tower |
| 18:36 | Peasant |
| 18:36 | Peasant |
| 18:36 | Peasant |
| 18:46 | Scout Tower |
| 19:05 | Storm Bolt |
| 19:15 | Guard Tower |
| 19:18 | Scout Tower |
| 19:19 | Scout Tower |
| 19:42 | Guard Tower |
| 19:43 | Scout Tower |
| 20:00 | Potion of Healing |
| 20:02 | Potion of Mana |
| 20:07 | Guard Tower |
| 20:22 | Guard Tower |
| 20:30 | Dragonhawk Rider |
| 21:00 | Blacksmith |
| 21:14 | Scout Tower |
| 21:14 | Scout Tower |
| 21:15 | Scout Tower |
| 21:15 | Scout Tower |
| 21:16 | Scout Tower |
| 21:16 | Scout Tower |
| 21:19 | Scout Tower |
| 21:19 | Scout Tower |
| 21:20 | Scout Tower |
| 21:20 | Scout Tower |
| 21:22 | Scout Tower |
| 21:23 | Scout Tower |
| 21:24 | Scout Tower |
| 21:25 | Scout Tower |
| 21:25 | Scout Tower |
| 21:25 | Scout Tower |
| 22:03 | Lesser Clarity Potion |
| 22:05 | Guard Tower |
| 22:08 | Peasant |
| 22:13 | Guard Tower |
| 22:18 | Iron Forged Swords |
| 22:18 | Studded Leather Armor |
| 22:19 | Scout Tower |
| 22:20 | Scout Tower |
| 22:20 | Scout Tower |
| 22:20 | Scout Tower |
| 22:22 | Animal War Training |
| 22:35 | Guard Tower |
| 22:47 | Scout Tower |
| 22:48 | Scout Tower |
| 22:53 | Scout Tower |
| 23:07 | Guard Tower |
| 23:08 | Scout Tower |
| 23:09 | Scout Tower |
| 23:09 | Scout Tower |
| 23:10 | Scout Tower |
| 23:22 | Farm |
| 23:23 | Farm |
| 23:27 | Guard Tower |
| 23:49 | Guard Tower |
| Right click | 1561 |
| Select group | 617 |
| Select | 432 |
| Assign group | 419 |
| Build/train/purchase | 183 |
| Chat | 68 |
| Use ability | 67 |
| Resource trade | 15 |
| Misc. action | 10 |
| Remove unit | 5 |
| Item give/drop | 4 |
| Minimap ping | 2 |


| Scroll of Regeneration | 1 | 100 |
| Staff of Sanctuary | 1 | 250 |
| Staff of Teleportation | 2 | 300 |
| Periapt of Vitality | 1 | 325 |
| Boots of Speed | 1 | 250 |
| Orb of Corruption | 2 | 750 |
| total: | 8 | 1975g |
| Peasant | 38 | 2850 | / | 0 |
| Dragonhawk Rider | 4 | 800 | / | 120 |
| total: | 42 | 3650g | / | 120w |
| Scout Tower | 121 | 3630 | / | 2420 |
| Arcane Tower | 1 | 70 | / | 50 |
| Guard Tower | 36 | 2520 | / | 1800 |
| Altar of Kings | 2 | 360 | / | 100 |
| Farm | 14 | 1120 | / | 280 |
| Lumber Mill | 2 | 240 | / | 0 |
| Town Hall | 1 | 385 | / | 205 |
| Blacksmith | 2 | 280 | / | 120 |
| Barracks | 1 | 160 | / | 60 |
| Arcane Vault | 1 | 130 | / | 30 |
| Gryphon Aviary | 2 | 280 | / | 300 |
| Keep | 2 | 640 | / | 420 |
| Castle | 1 | 360 | / | 210 |
| total: | 146 | 6585g | / | 3515w |
| 0:01 | Peasant |
| 0:05 | Altar of Kings |
| 0:10 | Peasant |
| 0:17 | Farm |
| 0:33 | Scout Tower |
| 0:34 | Peasant |
| 0:49 | Peasant |
| 0:57 | Lumber Mill |
| 0:58 | Arcane Tower |
| 1:01 | Peasant |
| 1:14 | Peasant |
| 1:28 | Peasant |
| 1:33 | Farm |
| 1:50 | Peasant |
| 1:55 | Scout Tower |
| 1:57 | Scout Tower |
| 1:59 | Peasant |
| 2:03 | Scout Tower |
| 2:15 | Peasant |
| 2:21 | Blizzard |
| 2:26 | Scout Tower |
| 2:38 | Guard Tower |
| 2:39 | Peasant |
| 2:41 | Farm |
| 2:43 | Improved Masonry |
| 2:50 | Peasant |
| 3:17 | Guard Tower |
| 3:21 | Peasant |
| 3:40 | Scout Tower |
| 3:44 | Scout Tower |
| 3:45 | Scout Tower |
| 3:46 | Scout Tower |
| 3:47 | Scout Tower |
| 3:49 | Guard Tower |
| 3:54 | Staff of Teleportation |
| 4:08 | Peasant |
| 4:16 | Guard Tower |
| 4:55 | Brilliance Aura |
| 5:02 | Town Hall |
| 5:05 | Guard Tower |
| 5:09 | Peasant |
| 5:09 | Peasant |
| 5:12 | Guard Tower |
| 5:27 | Scout Tower |
| 5:28 | Scout Tower |
| 5:31 | Scout Tower |
| 5:32 | Scout Tower |
| 6:06 | Guard Tower |
| 6:07 | Guard Tower |
| 6:11 | Scout Tower |
| 6:15 | Peasant |
| 6:27 | Peasant |
| 6:28 | Peasant |
| 6:33 | Guard Tower |
| 6:41 | Peasant |
| 6:41 | Peasant |
| 7:04 | Peasant |
| 7:05 | Peasant |
| 7:08 | Peasant |
| 7:22 | Peasant |
| 7:23 | Peasant |
| 7:25 | Scout Tower |
| 7:25 | Scout Tower |
| 7:52 | Peasant |
| 7:56 | Keep |
| 7:58 | Scout Tower |
| 7:59 | Scout Tower |
| 8:00 | Scout Tower |
| 8:00 | Scout Tower |
| 8:01 | Scout Tower |
| 8:05 | Scout Tower |
| 8:06 | Scout Tower |
| 8:06 | Scout Tower |
| 8:07 | Scout Tower |
| 8:07 | Scout Tower |
| 8:08 | Scout Tower |
| 8:08 | Scout Tower |
| 8:09 | Scout Tower |
| 8:10 | Scout Tower |
| 8:11 | Scout Tower |
| 8:11 | Scout Tower |
| 8:19 | Peasant |
| 8:33 | Guard Tower |
| 8:34 | Peasant |
| 8:35 | Peasant |
| 8:40 | Scout Tower |
| 8:40 | Scout Tower |
| 8:41 | Scout Tower |
| 8:41 | Scout Tower |
| 8:42 | Scout Tower |
| 8:43 | Scout Tower |
| 8:51 | Guard Tower |
| 8:57 | Scout Tower |
| 8:58 | Scout Tower |
| 8:59 | Scout Tower |
| 9:01 | Guard Tower |
| 9:03 | Peasant |
| 9:08 | Guard Tower |
| 9:11 | Guard Tower |
| 9:12 | Scout Tower |
| 9:12 | Scout Tower |
| 9:18 | Blacksmith |
| 9:23 | Guard Tower |
| 9:49 | Guard Tower |
| 9:52 | Scout Tower |
| 10:06 | Guard Tower |
| 10:08 | Guard Tower |
| 10:28 | Guard Tower |
| 10:30 | Scout Tower |
| 10:30 | Scout Tower |
| 10:33 | Guard Tower |
| 10:35 | Scout Tower |
| 10:35 | Scout Tower |
| 10:39 | Scout Tower |
| 10:39 | Scout Tower |
| 10:40 | Scout Tower |
| 10:40 | Scout Tower |
| 11:00 | Guard Tower |
| 11:08 | Advanced Masonry |
| 11:12 | Farm |
| 11:13 | Farm |
| 11:22 | Blizzard |
| 11:26 | Guard Tower |
| 11:28 | Scout Tower |
| 11:29 | Scout Tower |
| 11:29 | Scout Tower |
| 11:30 | Scout Tower |
| 11:31 | Scout Tower |
| 11:32 | Scout Tower |
| 11:33 | Scout Tower |
| 11:33 | Scout Tower |
| 12:03 | Scout Tower |
| 12:04 | Scout Tower |
| 12:04 | Scout Tower |
| 12:05 | Guard Tower |
| 12:06 | Guard Tower |
| 12:14 | Guard Tower |
| 12:16 | Scout Tower |
| 12:17 | Scout Tower |
| 12:18 | Scout Tower |
| 12:19 | Scout Tower |
| 12:20 | Scout Tower |
| 12:20 | Scout Tower |
| 12:20 | Scout Tower |
| 12:21 | Peasant |
| 12:22 | Peasant |
| 12:24 | Peasant |
| 12:24 | Peasant |
| 12:32 | Scroll of Regeneration |
| 12:34 | Staff of Sanctuary |
| 12:43 | Scout Tower |
| 12:43 | Scout Tower |
| 12:43 | Scout Tower |
| 12:44 | Scout Tower |
| 13:07 | Guard Tower |
| 13:21 | Gryphon Aviary |
| 13:22 | Gryphon Aviary |
| 13:24 | Guard Tower |
| 13:32 | Keep |
| 13:33 | Peasant |
| 13:40 | Storm Bolt |
| 14:32 | Bash |
| 14:48 | Blacksmith |
| 14:49 | Barracks |
| 14:52 | Studded Leather Armor |
| 14:54 | Arcane Vault |
| 15:15 | Orb of Corruption |
| 15:15 | Orb of Corruption |
| 15:40 | Peasant |
| 15:40 | Peasant |
| 16:03 | Castle |
| 16:09 | Dragonhawk Rider |
| 16:23 | Scout Tower |
| 16:24 | Scout Tower |
| 16:24 | Scout Tower |
| 16:24 | Scout Tower |
| 16:28 | Scout Tower |
| 16:28 | Scout Tower |
| 16:29 | Scout Tower |
| 16:29 | Scout Tower |
| 16:30 | Scout Tower |
| 16:34 | Scout Tower |
| 16:34 | Scout Tower |
| 16:36 | Scout Tower |
| 16:36 | Scout Tower |
| 16:42 | Scout Tower |
| 16:48 | Dragonhawk Rider |
| 17:54 | Dragonhawk Rider |
| 18:23 | Dragonhawk Rider |
| 18:44 | Scout Tower |
| 18:45 | Scout Tower |
| 18:47 | Scout Tower |
| 18:48 | Scout Tower |
| 18:49 | Scout Tower |
| 18:50 | Scout Tower |
| 18:50 | Scout Tower |
| 18:51 | Scout Tower |
| 19:05 | Scout Tower |
| 19:05 | Scout Tower |
| 19:05 | Scout Tower |
| 19:06 | Scout Tower |
| 19:24 | Scout Tower |
| 19:24 | Scout Tower |
| 19:25 | Scout Tower |
| 19:25 | Scout Tower |
| 19:27 | Guard Tower |
| 19:29 | Imbued Masonry |
| 19:31 | Animal War Training |
| 19:42 | Guard Tower |
| 19:42 | Scout Tower |
| 19:43 | Scout Tower |
| 19:44 | Scout Tower |
| 19:44 | Scout Tower |
| 19:44 | Guard Tower |
| 20:15 | Guard Tower |
| 20:16 | Scout Tower |
| 20:17 | Scout Tower |
| 20:17 | Scout Tower |
| 20:17 | Scout Tower |
| 20:19 | Guard Tower |
| 20:26 | Staff of Teleportation |
| 20:27 | Periapt of Vitality |
| 20:27 | Boots of Speed |
| 20:42 | Reinforced Leather Armor |
| 20:58 | Guard Tower |
| 21:00 | Scout Tower |
| 21:00 | Scout Tower |
| 21:00 | Scout Tower |
| 21:00 | Scout Tower |
| 21:22 | Scout Tower |
| 21:23 | Scout Tower |
| 21:23 | Scout Tower |
| 21:24 | Scout Tower |
| 21:39 | Guard Tower |
| 22:14 | Altar of Kings |
| 22:16 | Farm |
| 22:16 | Farm |
| 22:17 | Farm |
| 22:53 | Farm |
| 22:53 | Farm |
| 22:54 | Farm |
| 22:55 | Farm |
| 22:55 | Farm |
| 22:56 | Farm |
| 23:22 | Lumber Mill |
| Right click | 1309 |
| Select | 596 |
| Select group | 358 |
| Assign group | 309 |
| Build/train/purchase | 152 |
| Use ability | 69 |
| Misc. action | 14 |
| Minimap ping | 14 |
| Resource trade | 4 |
| Remove unit | 2 |